 Dungeon Crawl Stone Soup version 0.30-a0-310-g7d6cbdfea6 (webtiles) character file.

Game seed: 17714413263730714803

64703 koil the Spry (level 14, -3/79 HPs)
             Began as a Spriggan Brigand on Oct 24, 2022.
             Was the Champion of Wu Jian.
             Splashed by a goliath frog's acid (7 damage)
             ... on level 5 of the Lair of Beasts on Oct 25, 2022.
             The game lasted 02:00:20 (21553 turns).

koil the Spry (Spriggan Brigand)                   Turns: 21553, Time: 02:00:37

Health: -3/79      AC:  7    Str:  7    XL:     14   Next: 72%
Magic:  25/29      EV: 33    Int: 16    God:    Wu Jian [******]
Gold:   1073       SH:  0    Dex: 24    Spells: 14/33 levels left

rFire   . . .      SeeInvis +    a - +8 dagger (venom)
rCold   + . .      Faith    .    (no shield)
rNeg    . . .      Spirit   .    c - +3 troll leather armour {Snorg}
rPois   .          Reflect  .    m - +0 hat
rElec   .          Harm     .    f - scarf {repulsion}
rCorr   .          Rampage  .    (gloves unavailable)
Will    ++...                    (boots unavailable)
Stlth   +++++.....               (no amulet)
HPRegen 1.13/turn                T - ring of protection from cold
MPRegen 0.21/turn                x - +6 ring of dexterity

@: lethally poisoned (-3 -> -4), repel missiles, very quick
A: very small, no large weapons, unfitting armour, see invisible, speed 3
a: Renounce Religion, Wall Jump, Serpent's Lash, Heavenly Storm


You were on level 5 of the Lair of Beasts.
You worshipped Wu Jian.
Wu Jian was exalted by your worship.
You visited 3 branches of the dungeon, and saw 17 of its levels.
You also visited: Bailey and Ice Cave.

You collected 1218 gold pieces.
You spent 145 gold pieces at shops.

Inventory:

Hand Weapons
 a - a +8 dagger of venom (weapon)
 b - a +4 spectral dagger
 j - the +10 quarterstaff of Shrieking Terror {venom, rPois Will- Dex+3}
   (You found it on level 8 of the Dungeon)

   It poisons the flesh of those it strikes.
   Dex:       It affects your dexterity (+3).
   rPois:     It protects you from poison.
   Will:      It decreases your willpower.
 H - a +0 dagger of draining
Missiles
 d - 47 poisoned darts (quivered)
 l - 8 curare-tipped darts
Armour
 c - a +3 troll leather armour (worn) {Snorg}
 f - a scarf of repulsion (worn)
 m - a +0 hat (worn)
 p - a +2 robe of cold resistance
 D - a +1 robe of cold resistance
 G - a +1 cloak of preservation
Magical Staves
 E - a staff of cold
 P - a staff of cold
Jewellery
 h - a ring of willpower
 o - a ring of poison resistance
 v - a ring of magical power
 x - a +6 ring of dexterity (right hand)
 z - a ring of willpower
 L - an amulet of faith
 S - a ring of protection from fire
 T - a ring of protection from cold (left hand)
Wands
 e - a wand of paralysis (6)
 g - a wand of light (5)
 C - a wand of roots (20)
 N - a wand of flame (49)
Scrolls
 i - 10 scrolls of teleportation
 k - 3 scrolls of magic mapping
 r - 6 scrolls of poison
 s - 4 scrolls of enchant armour
 w - 7 scrolls of butterflies
 y - 3 scrolls of fear
 F - a scroll of amnesia
 Q - 6 scrolls of blinking
Potions
 n - 6 potions of curing
 q - 5 potions of magic
 t - 3 potions of haste
 u - 3 potions of heal wounds
 A - 6 potions of invisibility
 B - a potion of flight
 I - a potion of resistance
 K - 2 potions of berserk rage
 M - a potion of might
 O - a potion of mutation
 U - 7 potions of brilliance
Miscellaneous
 J - a tin of tremorstones (2/2)


   Skills:
 + Level 11.5 Fighting
 - Level 10.0 Short Blades
 - Level 2.0 Throwing
 + Level 17.2 Dodging
 - Level 10.2 Stealth
 - Level 10.0 Spellcasting
 + Level 9.3 Hexes
 - Level 5.0 Summonings
 - Level 5.0 Translocations
 + Level 5.9 Fire Magic
 + Level 3.5 Poison Magic


You had 14 spell levels left.
You knew the following spells:

 Your Spells              Type           Power      Damage    Failure   Level
a - Portal Projectile     Hex/Tloc       62%        N/A       2%          3
b - Summon Ice Beast      Ice/Summ       16%        N/A       43%         4
c - Starburst             Conj/Fire      8%         6d4       99%         6
d - Dazzling Flash        Conj/Hex       46%        N/A       6%          3
e - Ignite Poison         Fire/Tmut/Pois 18%        N/A       12%         3

Your spell library contained the following spells:

 Spells                   Type           Power      Damage    Failure   Level
 Call Canine Familiar     Summ           24%        N/A       5%          3
 Leda's Liquefaction      Hex/Erth       11%        N/A       21%         4
 Summon Mana Viper        Hex/Summ       31%        N/A       21%         5
 Sticky Flame             Conj/Fire      17%        2d4       38%         4
 Iskenderun's Mystic Bla  Conj/Tloc      16%        2d5       43%         4
 Monstrous Menagerie      Summ           12%        N/A       100%        7
 Ignition                 Fire           13%        3d6       100%        8


Dungeon Overview and Level Annotations

Branches:
Dungeon (11/15)            Temple (1/1) D:6            Lair (5/5) D:10
 Shoals (0/4) Lair:3       Spider (0/4) Lair:3        Slime (0/5) Lair:5
    Orc (0/2) D:11         Bailey (visited)           IceCv (visited)

Altars:
Ashenzari
Cheibriados
Dithmenos
Elyvilon
Fedhas
Gozag
Hepliaklqana
Kikubaaqudgha
Makhleb
Nemelex Xobeh
Okawaru
Qazlal
Ru
Sif Muna
Trog
Uskayaw
Vehumet
Wu Jian
Xom
Yredelemnul
Zin
The Shining One

Shops:
D:3 *   D:5 (


Innate Abilities, Weirdness & Mutations

You are very small and have problems with some larger weapons.
You are too small for most types of armour.
You have supernaturally acute eyesight. (SInv)
You cover ground extremely quickly. (Speed+++)


Message History

The five-headed hydra is heavily wounded.
You spin and attack the death yak.
You hit the death yak but do no damage.
The death yak is severely wounded.
You feel sick.
You puncture the vampire mosquito!
You destroy the vampire mosquito!
The Council accepts your kill.
You feel sick.
The five-headed hydra completely misses you.
The five-headed hydra bites you. x2; The five-headed hydra misses you. x2
Training target 10.0 for Spellcasting reached!
Your Spellcasting skill increases to level 10!
You spin and attack the five-headed hydra.
You hit the five-headed hydra.
The five-headed hydra is heavily wounded.
You feel sick.
The blink frog blinks!
You spin and attack the cane toad.
You hit the cane toad.
The cane toad is poisoned.
The cane toad is severely wounded.
You spin and attack the five-headed hydra.
You hit the five-headed hydra.
The five-headed hydra looks as sick as possible!
The five-headed hydra is severely wounded.
You feel sick. The cane toad barely misses you.
You puncture the death yak!
The death yak is poisoned.
The death yak is lightly wounded.
The five-headed hydra completely misses you. x2
The five-headed hydra bites you!
* * * LOW HITPOINT WARNING * * *
The five-headed hydra completely misses you. x2
The goliath frog misses you.
You feel much better.
You feel sick. The death yak completely misses you.
The five-headed hydra completely misses you. x2
The five-headed hydra bites you! x2
The five-headed hydra completely misses you.
The goliath frog hits you from afar!!
* * * LOW HITPOINT WARNING * * *
You are splashed with acid!
You die...

#......................~~
#...............<......~~
###....................~≈ #
##P....................~P
#.#....#...>....P......~.~≈
#..........†.......†....P.~
###......F................~
##.....†...............#.~
#........@F............#.~
##.....FDYY†...........#~#
#.......YS.............###
##......FY..............#~
#P....F.y§..............#~
##...........<..........#†
##.............[.........P
#...................÷.....
#..........#....#.........


You could see 4 death yaks, a five-headed hydra (extremely poisoned), a goliath
frog, a black mamba, 3 cane toads, a blink frog and a vampire mosquito.

Vanquished Creatures
  Gastronok (D:10)
  A frost giant (IceCv)
  Snorg (D:10)
  Josephine (Lair:3)
  Fannar (Lair:2)
  Erolcha (D:9)
  2 vault guards (Bailey)
  2 hydras
  2 centaur warriors
  A boulder beetle (Lair:3)
  2 two-headed ogres
  A catoblepas (Lair:5)
  A death knight (D:11)
  13 death yaks
  Sonja (Lair:3)
  Amaemon (D:8)
  A lindwurm (Lair:4)
  2 ugly things
  A cyclops (D:11)
  A merfolk siren (Lair:3)
  An ice statue (IceCv)
  An elephant (Lair:4)
  6 black mambas
  14 cane toads
  3 unseen horrors
  An orange demon (D:11)
  The ghost of ponyjar the Chiller, a novice BaIE (D:5)
  3 gargoyles
  3 torpor snails
  A kobold demonologist (D:11)
  8 rime drakes
  9 komodo dragons
  5 trolls
  Grinder (D:4)
  Prince Ribbit (Bailey)
  3 hornets
  8 polar bears
  3 tyrant leeches (Lair:5)
  6 dream sheep (Lair:1)
  20 blink frogs
  A culicivora (Lair:3)
  40 yaks
  3 wraiths (Lair:3)
  9 humans
  3 wyverns
  Grum (D:8)
  2 vampire mosquitoes (Lair:5)
  A steam dragon (D:8)
  Edmund (D:5)
  Menkaure (D:5)
  2 acid dragons
  9 water moccasins
  5 orc warriors
  An ice beast (D:7)
  3 sky beasts
  2 black bears
  45 wolves
  An ogre (D:6)
  3 centaurs
  5 kobold brigands
  30 bullfrogs
  A necrophage (D:7)
  2 gnoll sergeants
  2 scorpions
  11 wights
  Dowan (D:4)
  15 killer bees
  An electric eel (Lair:2)
  6 howler monkeys
  A gnoll bouda (D:4)
  3 orc priests
  3 hounds
  2 jellies
  Crazy Yiuf (D:3)
  Ijyb (D:4)
  7 orc wizards
  Robin (D:4)
  14 gnolls
  8 adders
  A shadow imp (D:6)
  A white imp (D:7)
  2 ufetubi (D:5)
  5 worms
  2 dart slugs
  52 orcs
  4 bats
  10 endoplasms
  3 giant cockroaches
  35 goblins
  13 hobgoblins
  3 jackals (D:1)
  4 quokkas (D:1)
  9 ball pythons
  5 frilled lizards
  29 kobolds
  4 rats
  2 butterflies
567 creatures vanquished.

Vanquished Creatures (collateral kills)
  A bullfrog (D:7)
  A wight (D:7)
  An orc wizard (D:7)
  3 orcs (D:7)
6 creatures vanquished.

Vanquished Creatures (others)
  A bush (Lair:3)
  31 fungi
  72 plants
104 creatures vanquished.

Grand Total: 677 creatures vanquished

Notes
Turn   | Place    | Note
-------+----------+-------------------------------------------
     0 | D:1      | koil the Spriggan Brigand began the quest for the Orb.
     0 | D:1      | Reached XP level 1. HP: 10/10 MP: 2/2
   205 | D:1      | Reached XP level 2. HP: 15/15 MP: 2/4
   336 | D:1      | Reached skill level 1 in Spellcasting
   349 | D:1      | Reached skill level 2 in Dodging
   447 | D:1      | Reached XP level 3. HP: 17/18 MP: 5/5
   501 | D:1      | Found a faded altar of an unknown god.
  1246 | D:2      | Reached XP level 4. HP: 11/23 MP: 7/7
  2156 | D:3      | Reached XP level 5. HP: 25/27 MP: 9/9
  2243 | D:3      | Found Qonkoshrausu's General Store.
  2256 | D:3      | Bought a scroll of enchant weapon for 75 gold pieces
  2256 | D:3      | Bought a potion of flight for 30 gold pieces
  2256 | D:3      | Bought a scroll of noise for 10 gold pieces
  2256 | D:3      | Bought a potion of attraction for 30 gold pieces
  2366 | D:3      | Found a runed translucent door.
  2367 | D:3      | Noticed Crazy Yiuf
  2376 | D:3      | Killed Crazy Yiuf
  2377 | D:3      | Reached skill level 3 in Dodging
  2663 | D:4      | Noticed Grinder
  2680 | D:4      | HP: 1/27 [Grinder (3)]
  2700 | D:4      | Noticed Robin
  2884 | D:4      | Killed Robin
  3010 | D:4      | Reached XP level 6. HP: 17/32 MP: 11/11
  3173 | D:4      | Found a shimmering altar of Xom.
  3180 | D:4      | Found a stormy altar of Qazlal.
  3193 | D:4      | Noticed Duvessa
  3198 | D:4      | Noticed Dowan
  3324 | D:4      | Killed Dowan
  3618 | D:4      | Noticed Ijyb
  3665 | D:4      | Killed Ijyb
  3774 | D:4      | Reached skill level 4 in Dodging
  4139 | D:4      | Killed Grinder
  4140 | D:4      | Reached XP level 7. HP: 36/36 MP: 11/13
  4415 | D:4      | Found a glowing golden altar of the Shining One.
  4511 | D:5      | Entered Level 5 of the Dungeon
  4511 | D:5      | Noticed Edmund
  4511 | D:5      | Found Xennotus's Antique Weapon Boutique.
  4516 | D:5      | Killed Edmund
  4598 | D:5      | Found a runed translucent gate.
  4598 | D:5      | Found a runed translucent gate.
  4599 | D:5      | Found a runed translucent gate.
  4599 | D:5      | Found an opulent altar of Gozag.
  4602 | D:5      | Noticed ponyjar's ghost (novice BaIE)
  4603 | D:5      | Noticed a gargoyle
  4723 | D:5      | Noticed Menkaure
  4936 | D:5      | Killed Menkaure
  4937 | D:5      | Reached skill level 5 in Dodging
  5475 | D:6      | Reached skill level 5 in Short Blades
  5822 | D:4      | Duvessa changed into Duvessa the human
  5822 | D:4      | Noticed Duvessa
  5875 | D:4      | Killed Duvessa the human
  5876 | D:4      | Reached XP level 8. HP: 35/42 MP: 14/16
  6039 | D:6      | Reached skill level 5 in Spellcasting
  6125 | D:5      | Reached skill level 6 in Dodging
  6381 | D:6      | Reached skill level 10 in Stealth
  6414 | D:6      | Reached XP level 9. HP: 46/46 MP: 19/19
  6547 | D:6      | Found a staircase to the Ecumenical Temple.
  6645 | D:6      | Found an opulent altar of Gozag.
  6765 | Temple   | Entered the Ecumenical Temple
  7153 | D:7      | Reached skill level 7 in Dodging
  7204 | D:7      | Noticed a komodo dragon
  7244 | D:7      | Killed a komodo dragon
  7328 | D:7      | Reached skill level 5 in Fighting
  7392 | D:7      | Reached skill level 8 in Dodging
  8739 | D:8      | Reached skill level 9 in Dodging
  8771 | D:8      | Noticed a two-headed ogre
  8774 | D:8      | Killed a two-headed ogre
  8775 | D:8      | Reached XP level 10. HP: 53/53 MP: 20/20
  8793 | D:8      | Noticed Amaemon
  8806 | D:8      | Found an ornate altar of the Wu Jian Council.
  8812 | D:8      | Became a worshipper of the Wu Jian Council
  8948 | D:8      | Identified the +10 quarterstaff of Shrieking Terror {venom,
                  | rPois Will- Dex+3}
  8992 | D:8      | Noticed an orange demon
  9042 | D:8      | Killed Amaemon
  9043 | D:8      | Reached skill level 10 in Dodging
  9113 | D:8      | Noticed Grum
  9142 | D:8      | Killed Grum
  9472 | D:8      | Found a flagged portal.
  9483 | D:8      | Reached * piety under Wu Jian
  9486 | Bailey   | Entered a bailey
  9552 | Bailey   | Reached skill level 11 in Dodging
  9730 | Bailey   | Reached skill level 10 in Short Blades
  9730 | Bailey   | Reached XP level 11. HP: 54/58 MP: 21/21
  9734 | Bailey   | Learned a level 3 spell: Portal Projectile
  9742 | Bailey   | Noticed Prince Ribbit
  9755 | Bailey   | Noticed a vault guard
  9763 | Bailey   | Killed Prince Ribbit
  9763 | Bailey   | Reached ** piety under Wu Jian
  9764 | Bailey   | Reached skill level 1 in Translocations
  9850 | Bailey   | Killed a vault guard
  9851 | Bailey   | Reached skill level 1 in Hexes
  9940 | Bailey   | Noticed a vault guard
 10090 | Bailey   | Killed a vault guard
 10445 | D:9      | Noticed Erolcha
 10446 | D:9      | Killed Erolcha
 10447 | D:9      | Reached skill level 12 in Dodging
 11301 | D:10     | Entered Level 10 of the Dungeon
 11304 | D:10     | Noticed Gastronok
 11350 | D:10     | Reached *** piety under Wu Jian
 11392 | D:10     | Reached skill level 5 in Translocations
 11410 | D:10     | Noticed Snorg
 11526 | D:10     | Killed Snorg
 11557 | D:10     | Reached skill level 5 in Hexes
 11584 | D:10     | Learned a level 4 spell: Summon Ice Beast
 11787 | D:10     | Reached skill level 13 in Dodging
 11787 | D:10     | Reached skill level 1 in Summonings
 11800 | D:10     | Noticed a centaur warrior
 11807 | D:10     | Killed a centaur warrior
 11919 | D:10     | Found a staircase to the Lair.
 12016 | D:10     | Killed Gastronok
 12337 | D:10     | Found a staircase to the Lair.
 13179 | D:5      | Killed ponyjar's ghost
 13180 | D:5      | Reached XP level 12. HP: 47/65 MP: 22/22
 13669 | D:11     | Reached **** piety under Wu Jian
 13939 | D:11     | Noticed a death knight
 13939 | D:11     | Noticed a two-headed ogre
 13940 | D:11     | Noticed a centaur warrior
 14025 | D:11     | Killed a death knight
 14026 | D:11     | Reached skill level 14 in Dodging
 14115 | D:11     | Killed a centaur warrior
 14345 | D:11     | Noticed an eight-headed hydra
 14397 | D:11     | Killed an eight-headed hydra
 14630 | D:11     | Found a staircase to the Orcish Mines.
 14909 | D:11     | Killed a two-headed ogre
 15098 | Temple   | Learned a level 6 spell: Starburst
 15182 | Lair:1   | Entered Level 1 of the Lair of Beasts
 15369 | Lair:1   | Reached skill level 5 in Summonings
 15401 | Lair:1   | Reached skill level 10 in Fighting
 15401 | Lair:1   | Reached skill level 1 in Fire Magic
 15409 | Lair:1   | Reached skill level 15 in Dodging
 16228 | Lair:2   | Reached XP level 13. HP: 72/72 MP: 23/23
 16243 | Lair:2   | Learned a level 3 spell: Dazzling Flash
 16272 | Lair:2   | Noticed Fannar
 16278 | Lair:2   | Killed Fannar
 16683 | Lair:2   | Reached ***** piety under Wu Jian
 17188 | Lair:3   | Noticed Sonja
 17195 | Lair:3   | Killed Sonja
 17293 | Lair:3   | Found a hole to the Spider Nest.
 17543 | Lair:3   | Reached skill level 16 in Dodging
 17564 | Lair:3   | Noticed Josephine
 17611 | Lair:3   | Killed Josephine
 18188 | Lair:3   | Found a staircase to the Shoals.
 18984 | Lair:4   | Reached XP level 14. HP: 25/79 MP: 23/27
 19319 | Lair:4   | Reached skill level 5 in Fire Magic
 19330 | Lair:4   | Learned a level 3 spell: Ignite Poison
 19613 | Lair:5   | Entered Level 5 of the Lair of Beasts
 19613 | Lair:5   | Found a frozen archway.
 19623 | IceCv    | Entered an ice cave
 19705 | IceCv    | Reached skill level 1 in Poison Magic
 19717 | IceCv    | Reached ****** piety under Wu Jian
 20303 | IceCv    | Noticed a frost giant
 20527 | IceCv    | Killed a frost giant
 20693 | IceCv    | Reached skill level 17 in Dodging
 21377 | Lair:5   | Found a staircase to the Slime Pits.
 21549 | Lair:5   | Reached skill level 10 in Spellcasting
 21553 | Lair:5   | Splashed by a goliath frog's acid

Illustrated notes

Levels and vault maps discovered:
D:1:      dpeg_chamrin_arrival_tetris, layout_basic,
          hellmonk_ecumenical_altar_run_dry, minivault_14,
          minmay_misc_feat_doors, minmay_heptomino_h4
D:2:      layout_basic, guppyfry_early_orc_mine
D:3:      layout_basic, serial_shops, nicolae_shop_stone,
          uniq_crazy_yiuf_cottage
D:4:      kennysheep_the_goblin_king, layout_loops_cross, tso_oasis_becter,
          grunt_temple_overflow_open, st_stairs_5, nicolae_wormholes,
          uniq_duvessa, uniq_robin, uniq_grinder
D:5:      layout_basic, ebering_ghost_gozag, serial_shops, nicolae_shop_trees,
          uniq_edmund, uniq_menkaure
D:6:      layout_rooms, grunt_gozag_statues, temple_green
D:7:      layout_layer_cave
D:8:      layout_rooms, nicolae_wu_jian_wuxing_cycle, enter_bailey_3,
          uniq_amaemon, uniq_grum
D:9:      layout_basic, uniq_erolcha
D:10:     layout_loops_cross, lair_entry_dummy, minivault_11, uniq_gastronok,
          uniq_snorg
D:11:     minmay_chambers_of_sevens, layout_irregular_city, hiddenorc2_lemuel,
          eino_jars
Temple:   bh_familiar_temple
Lair:1:   layout_cave_pods, lemuel_fruit_fields
Lair:2:   layout_regular_city, serial_bayou_pond_e, serial_bayou_crossing,
          infiniplex_staircase_pool, grunt_megastairs_1, lemuel_fruit_fields,
          uniq_fannar
Lair:3:   layout_long_grid, minmay_shoals_entry_lonely_mermaid,
          spider_nest_entry_rubble, grunt_forest_large_clearings, uniq_sonja,
          uniq_josephine
Lair:4:   layout_regular_city, beast_lair_carwin_7
Lair:5:   minmay_lair_end_frog_pond, layout_gridlike, slime_entry_1,
          portal_ice_cave_entry_pillars_2, kennysheep_abandoned_house,
          serial_bayou_shore_b

Skill      XL: |  1  2  3  4  5  6  7  8  9 10 11 12 13 14 |
---------------+-------------------------------------------+-----
Stealth        | 6 7 8 10 | 10.2
Spellcasting   | 1 2 3 4 6 8 10 | 10.0
Dodging        | 2 3 4 5 6 9 11 13 15 16 17 | 17.2
Fighting       | 2 3 4 6 7 8 10 11 | 11.5
Short Blades   | 3 4 5 6 8 10 | 10.0
Translocations | 5 |  5.0
Hexes          | 5 7 9 |  9.3
Summonings     | 2 5 |  5.0
Fire Magic     | 2 4 5 |  5.9
Poison Magic   | 3 |  3.5
Throwing       | |  2.0

Action                   |  1- 3 |  4- 6 |  7- 9 | 10-12 | 13-15 || total
-------------------------+-------+-------+-------+-------+-------++-------
Melee: Dagger            |   117 |   209 |   336 |  1107 |  1302 ||  3071
       Quarterstaff      |       |     5 |       |       |       ||     5
       Punch             |       |     1 |     2 |    19 |    20 ||    42
Throw: Dart              |     8 |    25 |    38 |    55 |       ||   126
 Cast: Dazzling Flash    |       |       |       |       |     6 ||     6
       Ignite Poison     |       |       |       |       |     5 ||     5
Invok: Whirlwind         |       |       |       |   100 |   311 ||   411
       Lunge             |       |       |       |    96 |    87 ||   183
       Serpent's Lash    |       |       |       |     6 |     5 ||    11
Evoke: Wand              |       |       |     9 |       |       ||     9
  Use: Scroll            |       |       |    18 |     9 |     5 ||    32
       Potion            |       |       |     5 |     1 |     2 ||     8
 Stab: Sleeping          |    14 |     7 |    11 |    24 |    24 ||    80
       Distracted        |       |     2 |       |     3 |     5 ||    10
       Fleeing           |       |       |       |     1 |       ||     1
       Invisible         |       |       |       |       |     5 ||     5
Armor: Robe              |     3 |    12 |       |       |     3 ||    18
       Troll leather arm |       |     1 |    26 |    41 |    56 ||   124
Dodge: Dodged            |    66 |   127 |   223 |   706 |  1027 ||  2149
       Repelled          |     1 |     2 |     1 |     6 |     5 ||    15

Table legend: (Time is in decaauts)
 A = Elapsed time spent in this place.
 B = Non-inter-level travel time spent in this place.
 C = Inter-level travel time spent in this place.
 D = Time resting spent in this place.
 E = Time spent auto-exploring this place.
 F = Levels seen in this place.
 G = Mean time per level.
                   A        B        C        D        E       F      G
               +--------+--------+--------+--------+--------+-----+--------+
         Total |  14102 |  13224 |    878 |    977 |   6576 |  19 |  742.2 |
       Dungeon |   9275 |   8501 |    774 |    526 |   4565 |  11 |  843.2 |
        Temple |    254 |    235 |     19 |     38 |     96 |   1 |  254.0 |
          Lair |   3247 |   3163 |     84 |    209 |   1787 |   5 |  649.4 |
        Bailey |    475 |    475 |      0 |     25 |    105 |   1 |  475.0 |
      Ice Cave |    849 |    849 |      0 |    177 |     21 |   1 |  849.0 |
               +--------+--------+--------+--------+--------+-----+--------+

Top non-repeatable levels by time:
     D:4: 1458 daAuts
    D:10: 1108 daAuts
     D:7: 1104 daAuts
    D:11: 935 daAuts
  Lair:3: 897 daAuts
     D:5: 882 daAuts
   IceCv: 849 daAuts
  Lair:4: 771 daAuts
     D:3: 727 daAuts
  Lair:2: 677 daAuts
     D:9: 635 daAuts
     D:1: 632 daAuts
     D:8: 607 daAuts
     D:2: 603 daAuts
     D:6: 579 daAuts
